Map: Acropolis LE

Players

BananaStand - Winner!

  • Race: Protoss Protoss
  • League: Master
  • Spawn Location: 11:00

Mez

  • Race: Terran Terran
  • League: Master
  • Spawn Location: 5:00

VOD

Have the link to the VOD?

Description

Time

  • Played on: Aug. 11, 2019, 3:50 p.m.
  • Length: 23:18
Show
View Real Time Build Order
Export as new Build Order

BananaStand Protoss - Winner!

Build Orders: 1 Gate Expand 

Get SALT Encoding   

  12  0:01  Probe  
  13  0:13  Probe  
  14  0:17  Pylon  
  14  0:25  Probe  
  15  0:37  Gateway  
  15  0:38  Probe  
  16  0:50  Probe  
  16  0:54  Assimilator  
  17  1:02  Probe  
  18  1:14  Probe  
  19  1:20  Nexus  
  19  1:27  Probe  
  20  1:32  Cybernetics Core  
  20  1:39  Probe  
  21  1:43  Pylon  
  21  1:51  Probe  
  22  1:59  Stalker  
  22  2:02  Gateway  
  22  2:03  Probe  
  23  2:12  Warp Gate  
  25  2:22  Probe  
  26  2:24  Pylon  
  26  2:30  Stalker  
  26  2:34  Probe  
  29  2:39  Probe  
  30  2:46  Probe  
  30  2:49  Probe  
  30  2:50  Stalker  
  33  2:54  Probe  
  33  2:57  Probe  
  35  3:01  Pylon  
  35  3:02  Probe  
  36  3:05  Probe  
  36  3:07  Stalker  
  36  3:12  Stalker  
  38  3:13  Probe, Pylon  
  43  3:31  Shield Battery  
  43  3:35  Shield Battery  
  43  3:37  Pylon  
  43  3:44  Probe  
  43  3:45  Probe  
  45  3:50  Assimilator  
  45  3:53  Assimilator  
  45  3:54  Assimilator  
  45  3:56  Probe  
  45  3:57  Probe  
  47  4:09  Probe x2  
  49  4:13  Twilight Council  
  49  4:14  Forge  
  49  4:20  Probe  
  49  4:21  Probe  
  51  4:28  Sentry, Probe  
  53  4:33  Probe, Nexus  
  53  4:36  Probe  
  53  4:37  Protoss Ground Armor Level 1  
  55  4:43  Sentry  
  55  4:44  Charge  
  55  4:45  Probe  
  59  4:54  Gateway  
  59  4:56  Gateway  
  59  4:57  Gateway  
  59  5:11  Zealot x2  
  59  5:13  Probe x2  
  65  5:19  Gateway x2  
  65  5:22  Photon Cannon  
  65  5:25  Pylon  
  65  5:27  Probe x2  
  67  5:31  Pylon  
  67  5:41  Probe x2  
  69  5:46  Probe  
  70  5:53  Probe  
  70  5:54  Probe  
  70  5:55  Templar Archives  
  72  5:58  Probe, Nexus  
  73  6:05  Zealot  
  73  6:07  Zealot x2  
  73  6:10  Probe x2  
  81  6:15  Photon Cannon  
  81  6:18  Photon Cannon  
  81  6:21  Zealot, Sentry  
  81  6:23  Zealot  
  87  6:27  Protoss Ground Weapons Level 1  
  87  6:28  Psionic Storm  
  87  6:43  Robotics Facility  
  87  6:45  High Templar  
  87  6:46  High Templar x2  
  93  6:47  Dark Shrine  
  93  6:48  Zealot x3  
  93  6:49  Zealot  
  93  6:51  Probe  
  93  6:52  Probe x2  
  104  7:03  Probe  
  104  7:04  Probe x2  
  104  7:05  Assimilator x2  
  107  7:13  High Templar  
  107  7:14  Zealot x3  
  115  7:20  Probe x3  
  115  7:21  Probe  
  119  7:33  Probe  
  119  7:34  Probe x3  
  119  7:35  Warp Prism  
  123  7:38  Pylon  
  123  7:42  Pylon x2  
  123  7:43  Pylon  
  123  7:44  Pylon  
  123  7:46  Pylon  
  123  7:48  Pylon  
  123  7:49  Forge  
  123  7:51  Pylon  
  123  7:54  Photon Cannon  
  121  8:01  Zealot x3  
  127  8:13  Probe  
  127  8:14  Probe x2  
  127  8:17  Shield Battery  
  127  8:18  Photon Cannon, Shield Battery  
  127  8:19  Photon Cannon  
  130  8:21  Dark Templar  
  132  8:47  High Templar x3, Zealot x2  
  132  8:48  Zealot  
  142  8:54  Blink  
  142  9:08  Dark Templar x4  
  138  9:21  Dark Templar x3  
  128  9:50  Zealot x4  
  126  10:10  Protoss Ground Weapons Level 2  
  126  10:11  Zealot x6, Protoss Ground Armor Level 2  
  126  10:12  Zealot  
  138  10:17  Gateway  
  138  10:18  Gateway  
  138  10:20  Gateway x2  
  130  10:22  Immortal, Pylon  
  130  10:24  Gateway  
  120  10:29  Gateway  
  120  10:30  Robotics Bay  
  120  10:32  Robotics Facility  
  120  10:34  Pylon  
  116  10:46  Zealot  
  116  10:47  Zealot x2, Stalker x3  
  116  10:48  Stalker  
  122  10:54  Probe x3  
  122  10:56  Immortal, Assimilator  
  125  10:57  Assimilator  
  129  11:07  High Templar x2  
  129  11:08  Stalker  
  129  11:09  Pylon  
  135  11:11  Zealot  
  135  11:12  Zealot x3  
  135  11:14  Probe x2  
  135  11:15  Probe x2  
  147  11:20  Photon Cannon  
  135  11:29  Zealot  
  135  11:30  Zealot x5  
  135  11:32  Archon x2  
  145  11:33  Archon  
  135  11:41  Dark Templar x6  
  139  11:52  Extended Thermal Lance  
  139  11:54  Zealot x7  
  143  11:57  Colossus x2  
  159  12:17  High Templar x2  
  159  12:18  Zealot x8  
  159  12:19  Zealot  
  181  12:28  Nexus  
  181  12:37  High Templar, Zealot  
  181  12:40  Stalker  
  181  12:42  Colossus  
  179  12:54  Stalker x2  
  180  13:06  Stalker x2  
  180  13:07  Stalker  
  180  13:08  Colossus  
  175  13:28  Zealot x3  
  175  13:29  Zealot  
  183  13:34  Colossus  
  155  13:47  Zealot  
  155  13:48  Zealot x4  
  149  13:52  Archon x2  
  147  14:04  Colossus  
  147  14:14  Probe x2  
  155  14:21  High Templar x2, Pylon  
  159  14:26  Colossus, Protoss Ground Weapons Level 3  
  159  14:27  Protoss Ground Armor Level 3  
  159  14:28  Probe x3  
  168  14:49  High Templar  
  168  14:50  High Templar x3  
  170  15:18  Probe x3  
  170  15:19  Probe  
  174  15:22  Photon Cannon  
  174  15:29  Photon Cannon, Observer  
  174  15:32  Nexus, Observer  
  174  15:33  Pylon  
  176  15:53  Photon Cannon  
  176  15:56  Zealot x5, Photon Cannon, Shield Battery  
  176  15:57  Zealot x5  
  188  15:58  Pylon  
  167  16:36  Zealot  
  167  16:37  Zealot x2, Stalker x3  
  146  16:55  High Templar x3  
  146  16:56  High Templar, Zealot x3  
  146  16:57  Zealot  
  146  16:58  Zealot x2  
  146  17:01  Probe x2  
  167  17:02  Probe x4  
  172  17:13  Probe x2  
  172  17:14  Probe x3  
  175  17:17  Dark Templar x4  
  183  17:27  Stalker x3  
  160  18:02  Observer  
  160  18:03  Observer  
  158  18:06  Stalker  
  158  18:07  Stalker x3, Dark Templar x4  
  158  18:08  Zealot x2, Dark Templar x2  
  158  18:10  Probe  
  158  18:11  Probe x2  
  185  18:33  High Templar x6  
  197  18:34  Zealot  
  196  18:50  Stalker x3  
  196  19:09  Stalker x2  
  196  19:10  Stalker x2  
  196  19:13  Shadow Stride  
  196  19:16  Probe  
  199  19:29  Probe  
  178  20:16  Colossus  
  178  20:17  Colossus  
  141  20:32  High Templar  
  141  20:33  High Templar x2, Zealot x3  
  141  20:34  Zealot x6  
  141  20:35  Zealot  
  135  20:54  Zealot x2  
  135  20:55  Zealot x8  
  142  21:08  Assimilator x2  
  142  21:10  High Templar x2, Zealot  
  148  21:12  Stalker x2, Zealot x2  
  148  21:13  Zealot x3  
  159  21:34  Zealot x9  
  159  21:35  Zealot  
  169  22:02  Stalker x5  
  169  22:03  Stalker x7  
  163  22:38  Stalker x4  
  163  22:39  Zealot x7  
  163  22:40  Zealot x2  
  163  22:41  Nexus  
  189  22:47  Assimilator  
  189  22:48  Assimilator, Probe x3  
  189  22:49  Probe x2  
  194  22:53  Pylon  
  194  22:55  Pylon  
  194  23:01  Zealot x3  
Show
View Real Time Build Order
Export as new Build Order

Mez Terran 

Build Orders: Reaper Expand 

Get SALT Encoding   

  12  0:00  SCV  
  13  0:12  SCV  
  14  0:17  Supply Depot  
  14  0:25  SCV  
  15  0:39  SCV  
  15  0:41  Barracks  
  16  0:48  Refinery  
  16  0:51  SCV  
  17  1:03  SCV  
  18  1:15  SCV  
  19  1:29  Orbital Command  
  19  1:30  Reaper  
  20  1:42  Command Center  
  20  1:47  Bunker  
  20  1:55  SCV  
  20  1:59  Supply Depot  
  21  2:03  Barracks Reactor  
  22  2:08  SCV  
  22  2:20  SCV  
  23  2:35  Command Center  
  23  2:36  SCV  
  24  2:41  Factory  
  24  2:45  Marine x2  
  24  2:51  SCV  
  27  2:57  Orbital Command  
  27  3:04  SCV  
  27  3:05  Refinery  
  28  3:07  Marine  
  28  3:08  Marine  
  30  3:16  SCV  
  31  3:23  SCV  
  31  3:25  Marine  
  31  3:26  Marine  
  34  3:28  Widow Mine  
  34  3:30  Starport  
  37  3:34  SCV  
  37  3:35  SCV  
  38  3:43  Marine  
  38  3:44  Marine  
  38  3:46  SCV  
  38  3:47  SCV  
  42  3:51  Orbital Command  
  42  3:54  Widow Mine  
  44  3:58  SCV  
  44  3:59  SCV  
  44  4:02  Refinery  
  46  4:08  Starport Tech Lab, Supply Depot  
  46  4:09  Marine  
  46  4:10  SCV, Marine  
  46  4:13  SCV  
  52  4:20  Factory Tech Lab  
  52  4:21  SCV  
  52  4:22  SCV  
  52  4:25  SCV  
  52  4:28  Marine x2  
  52  4:30  Raven  
  57  4:36  Barracks  
  57  4:37  SCV x2  
  59  4:38  SCV  
  59  4:41  Siege Tank  
  63  4:49  SCV, Marine x2  
  63  4:51  Supply Depot  
  66  4:54  SCV, Supply Depot  
  67  5:02  SCV, Barracks  
  67  5:04  Refinery  
  67  5:06  SCV  
  68  5:07  Marine  
  68  5:12  Marine  
  68  5:13  Orbital Command  
  70  5:15  Siege Tank  
  70  5:16  Engineering Bay x2  
  70  5:18  SCV x2  
  75  5:25  Starport Reactor  
  75  5:30  SCV x2  
  77  5:39  Barracks  
  77  5:40  Barracks  
  77  5:42  SCV x2  
  79  5:44  Marine x2  
  79  5:48  Stimpack  
  81  5:56  SCV x3, Factory Reactor  
  84  5:59  Refinery  
  84  6:00  Terran Infantry Armor Level 1, Terran Infantry Weapons Level 1  
  84  6:05  Supply Depot x2  
  84  6:14  Supply Depot  
  84  6:15  Supply Depot  
  84  6:19  Marauder x2  
  84  6:21  Marine x2  
  84  6:23  Combat Shield  
  84  6:24  SCV, Medivac  
  93  6:27  Medivac  
  93  6:29  Barracks Reactor, Barracks Tech Lab  
  95  6:33  Widow Mine x2  
  95  6:34  SCV x2  
  95  6:37  SCV  
  102  6:41  Marauder, Supply Depot  
  102  6:43  Supply Depot  
  102  6:44  Marine x2, Marauder  
  102  6:46  SCV x2  
  110  6:49  SCV  
  113  6:54  Concussive Shells, Marauder  
  113  6:57  Medivac x2  
  113  6:58  SCV x2  
  113  7:01  SCV  
  120  7:02  Armory, Marauder  
  120  7:04  Refinery  
  120  7:05  Supply Depot  
  122  7:10  SCV x2  
  122  7:12  Supply Depot  
  124  7:17  Marine x2  
  124  7:18  Marine x2, Marauder x2  
  132  7:24  Marauder  
  132  7:25  Widow Mine x2  
  132  7:26  SCV x3  
  138  7:33  Medivac x2  
  142  7:40  SCV  
  142  7:41  Supply Depot  
  142  7:42  Supply Depot  
  142  7:43  Supply Depot  
  143  7:44  Supply Depot  
  143  7:50  Marine x3, Marauder x3  
  143  7:51  Widow Mine  
  154  7:53  Ghost Academy  
  154  8:04  Medivac  
  154  8:05  Widow Mine  
  158  8:09  Terran Infantry Armor Level 2, Terran Infantry Weapons Level 2  
  155  8:23  Marine x3, Marauder x3  
  164  8:28  Command Center, Supply Depot x2  
  164  8:37  Starport  
  164  8:50  Ghost x3  
  164  8:51  Marine x4  
  169  9:09  Marine  
  169  9:28  Marine  
  169  9:29  Marine x2, Marauder x2  
  152  9:42  Marine  
  152  9:43  Marauder  
  155  9:49  Missile Turret  
  155  9:50  Missile Turret  
  155  9:51  Missile Turret  
  155  9:52  Bunker  
  155  9:53  Missile Turret x2  
  155  9:54  Missile Turret  
  138  10:14  Marine  
  138  10:15  Marine x3, Marauder x3  
  141  10:24  Barracks  
  141  10:25  Barracks  
  141  10:26  Barracks  
  137  10:35  Starport Tech Lab  
  137  10:36  Fusion Core  
  137  10:38  Liberator  
  137  10:39  Liberator x2  
  131  10:52  Marine x2  
  131  10:56  Ghost Academy  
  140  11:01  Marine x2, Marauder x2  
  140  11:02  Marauder  
  148  11:05  Planetary Fortress  
  148  11:10  SCV  
  148  11:11  SCV x2  
  151  11:21  Missile Turret  
  151  11:22  SCV  
  151  11:23  SCV  
  149  11:26  Liberator x3  
  149  11:31  Marauder  
  149  11:32  Barracks Reactor, Marauder x2, Barracks Tech Lab x2  
  153  11:33  Marine x3  
  148  11:45  Marine  
  158  11:50  Terran Infantry Armor Level 3, Terran Infantry Weapons Level 3, Advanced Ballistics, Marine  
  158  11:53  Marauder x3  
  165  11:56  Refinery, SCV x2  
  165  11:57  Refinery, SCV  
  165  12:04  Ghost x2  
  165  12:05  Marine  
  170  12:14  Marauder  
  172  12:18  Marine x3, Marauder x2  
  179  12:34  Marauder  
  181  12:37  Ghost x2  
  181  12:38  Ghost, Marine x5  
  181  12:40  Liberator  
  192  12:53  Command Center  
  192  12:56  Ghost x2  
  199  13:02  Liberator x2  
  189  13:19  Marauder x3  
  195  13:23  Liberator  
  157  13:45  Liberator x2  
  157  13:46  Marine x3, Marauder x3  
  112  13:55  Marine x3, Marauder x2  
  116  14:04  Marine x2  
  116  14:06  Starport, Liberator  
  115  14:26  Marine x3, Marauder x3  
  115  14:28  Liberator x2  
  124  14:44  Sensor Tower  
  130  14:48  Marine x2, Marauder x3  
  130  14:49  Marine x3, Marauder  
  141  15:00  Marine, Marauder  
  141  15:01  Medivac  
  141  15:06  Marine x3, Medivac  
  151  15:08  Marine  
  151  15:10  Marauder x2  
  156  15:25  Supply Depot  
  156  15:26  Supply Depot  
  156  15:27  Planetary Fortress  
  156  15:28  Medivac  
  158  15:39  Missile Turret  
  158  15:40  Sensor Tower  
  158  15:41  Ghost x3  
  158  15:42  Marine  
  164  15:43  Marauder  
  164  15:46  Missile Turret  
  164  15:47  Medivac  
  166  15:53  Starport Reactor  
  166  15:56  Terran Ship Weapons Level 1  
  166  16:15  Liberator  
  166  16:16  Liberator x3  
  166  16:21  Ghost x3  
  166  16:22  Marine  
  169  16:43  Viking  
  141  17:13  Viking  
  141  17:14  Ghost  
  145  17:15  Viking  
  145  17:16  Viking x2  
  151  17:25  Refinery  
  151  17:26  Orbital Command  
  151  17:38  Ghost x2, Marine  
  151  17:39  Marine x2, Marauder  
  151  17:47  Viking x2  
  151  17:48  Viking  
  151  17:49  Marine  
  151  17:50  Marauder x2  
  159  17:57  Orbital Command  
  154  18:00  Marauder  
  151  18:23  Sensor Tower  
  151  18:25  Viking x2  
  151  18:26  Viking x2  
  157  18:55  Marine x2, Marauder  
  157  18:56  Marine x5, Marauder x3  
  168  19:06  Viking x2  
  172  19:15  Refinery  
  172  19:17  Viking  
  172  19:18  Viking  
  170  19:36  SCV x2  
  157  20:22  SCV  
  156  20:28  Marine, Marauder x3  
  156  20:31  Marine x2, Liberator  
  156  20:32  Liberator  
  157  20:36  Marine  
  157  20:38  Marauder  
  157  20:47  Marine  
  141  21:42  Orbital Command  
  126  22:03  Command Center  
  126  22:05  Orbital Command  
  113  22:28  Marine x2  
  113  22:29  Marine x2, Command Center x2  
  109  22:30  Marine x4  
  109  22:31  Marine x2  
  109  22:41  Supply Depot x2  
  109  22:43  Supply Depot  
  109  23:02  SCV x2  
  109  23:03  SCV  
Tags
 
Add a new tag
Caveats
  • Supply blocks, unpowered buildings, or Contaminate may cause inaccurate times.
  • Supply counts are checked every 10 seconds.